Map: Kairos Junction LE

Players

HellraiseR

  • Race: Protoss Protoss
  • League: Master
  • Spawn Location: 5:00

ShoWTimE - Winner!

  • Race: Protoss Protoss
  • League: Grandmaster
  • Spawn Location: 11:00

Event: 2019 WCS Winter Europe

VOD

Have the link to the VOD?

Description

Time

  • Played on: Feb. 16, 2019, 10:23 a.m.
  • Length: 11:00

All games in this series

Show
View Real Time Build Order
Export as new Build Order

HellraiseR Protoss 

Build Orders: Oracle Opening 

Get SALT Encoding   

  12  0:00  Probe  
  13  0:12  Probe  
  14  0:17  Pylon  
  14  0:21  Probe  
  15  0:31  Probe  
  16  0:36  Gateway  
  16  0:41  Probe  
  16  0:45  Assimilator  
  17  0:52  Probe  
  17  0:55  Assimilator  
  18  1:00  Probe  
  18  1:08  Probe, Gateway  
  20  1:20  Probe  
  20  1:24  Cybernetics Core  
  21  1:33  Probe, Pylon  
  22  1:45  Probe  
  23  1:57  Probe  
  23  2:00  Warp Gate, Adept x2  
  28  2:05  Pylon  
  28  2:09  Probe  
  29  2:30  Stalker  
  29  2:31  Stargate  
  29  2:36  Stalker  
  32  2:46  Probe  
  33  2:53  Pylon  
  33  3:04  Oracle  
  37  3:18  Nexus  
  36  3:21  Probe  
  37  3:34  Probe  
  38  3:42  Oracle  
  41  3:53  Stalker  
  41  3:54  Stalker  
  45  3:58  Probe  
  45  4:02  Twilight Council  
  44  4:06  Probe  
  44  4:14  Probe  
  43  4:24  Probe  
  43  4:26  Probe  
  43  4:33  Probe  
  43  4:35  Probe  
  44  4:38  Blink  
  44  4:41  Probe  
  44  4:43  Forge  
  44  4:44  Probe  
  46  4:50  Probe  
  46  4:52  Pylon  
  47  4:56  Probe  
  47  4:57  Sentry  
  47  4:58  Stalker, Protoss Ground Weapons Level 1  
  53  5:04  Probe  
  51  5:09  Probe  
  51  5:14  Phoenix, Shield Battery  
  52  5:16  Probe  
  52  5:19  Assimilator  
  52  5:21  Assimilator, Probe  
  54  5:24  Stalker x2  
  54  5:28  Probe  
  59  5:29  Probe, Pylon  
  60  5:37  Probe  
  60  5:40  Probe  
  62  5:43  Robotics Facility  
  62  5:46  Gateway  
  63  5:51  Gateway  
  63  5:52  Probe  
  64  5:59  Stalker x2  
  67  6:08  Gateway  
  67  6:10  Gateway  
  67  6:19  Pylon  
  67  6:23  Stalker  
  69  6:30  Observer  
  70  6:33  Robotics Bay  
  70  6:39  Stalker, Charge  
  72  6:42  Nexus  
  72  6:46  Protoss Ground Weapons Level 2  
  72  6:57  Stalker  
  72  7:01  Probe x2, Adept  
  75  7:06  Stalker  
  75  7:13  Probe x2  
  74  7:19  Disruptor  
  73  7:25  Probe  
  73  7:26  Probe  
  75  7:31  Pylon  
  78  7:37  Colossus  
  78  7:44  Pylon  
  78  7:45  Pylon  
  78  7:46  Probe  
  77  7:56  Probe x2  
  85  7:59  Probe  
  85  8:04  Extended Thermal Lance  
  86  8:05  Gateway  
  86  8:08  Gateway  
  86  8:13  Pylon  
  86  8:14  Colossus  
  86  8:18  Zealot x2  
  86  8:19  Pylon  
  96  8:37  Zealot x3  
  102  8:44  Probe, Templar Archives  
  102  8:48  Probe, Pylon  
  103  8:49  Probe  
  103  8:53  Zealot  
  107  8:58  Zealot x2  
  111  9:02  Warp Prism  
  113  9:10  Zealot x2  
  113  9:12  Zealot  
  119  9:23  Zealot x3, High Templar x2  
  129  9:29  Archon  
  127  9:33  Zealot x3  
  133  9:39  Pylon  
  133  9:40  Pylon  
  133  9:46  High Templar x2  
  133  9:47  Zealot  
  133  9:50  Archon  
  139  9:54  Zealot  
  139  9:57  Zealot x3, Pylon  
  139  9:59  Zealot  
  149  10:17  High Templar x2  
  149  10:18  Zealot x4  
  149  10:19  Zealot  
  163  10:21  Archon  
  163  10:22  Zealot  
  108  10:38  Zealot x3  
  108  10:39  Zealot x2  
  92  10:46  Zealot  
Show
View Real Time Build Order
Export as new Build Order

ShoWTimE Protoss - Winner!

Build Orders: Phoenix Opening, Zealot Archon 

Get SALT Encoding   

  12  0:00  Probe  
  13  0:12  Probe  
  14  0:16  Pylon  
  14  0:24  Probe  
  15  0:32  Probe  
  15  0:36  Gateway  
  15  0:40  Probe  
  16  0:46  Assimilator  
  17  0:50  Probe  
  17  0:55  Assimilator  
  18  0:58  Probe  
  19  1:06  Probe  
  19  1:11  Gateway  
  20  1:17  Probe  
  20  1:24  Cybernetics Core  
  21  1:29  Probe  
  22  1:35  Pylon  
  22  1:41  Probe  
  23  1:53  Probe  
  24  2:00  Stalker  
  24  2:01  Sentry, Warp Gate  
  28  2:05  Probe  
  29  2:11  Pylon  
  29  2:19  Probe  
  30  2:23  Pylon  
  32  2:30  Sentry  
  32  2:31  Probe  
  33  2:38  Phoenix  
  33  2:39  Sentry  
  35  2:56  Shield Battery  
  35  3:01  Nexus  
  35  3:05  Stalker  
  35  3:10  Shield Battery  
  37  3:17  Stalker  
  39  3:24  Pylon  
  39  3:36  Shield Battery  
  39  3:37  Shield Battery  
  39  3:42  Probe  
  39  3:45  Phoenix  
  40  3:51  Stalker  
  40  3:54  Probe  
  43  4:03  Probe  
  43  4:05  Stalker  
  46  4:11  Probe  
  46  4:15  Probe  
  48  4:20  Phoenix, Probe  
  49  4:25  Stalker  
  49  4:26  Probe  
  49  4:30  Probe  
  50  4:35  Probe  
  50  4:38  Probe  
  51  4:39  Forge  
  51  4:43  Probe  
  53  4:46  Probe  
  53  4:48  Shield Battery  
  53  4:50  Stalker  
  57  4:53  Stalker  
  57  4:54  Probe  
  57  4:59  Probe  
  61  5:03  Protoss Ground Weapons Level 1  
  61  5:05  Assimilator, Pylon  
  61  5:06  Probe  
  61  5:07  Assimilator  
  62  5:10  Robotics Facility  
  62  5:19  Pylon  
  62  5:23  Probe x2  
  64  5:31  Twilight Council  
  64  5:35  Probe x2  
  66  5:37  Adept x2  
  70  5:48  Gateway x2  
  70  5:49  Immortal  
  70  6:03  Pylon  
  74  6:07  Charge  
  74  6:10  Templar Archives  
  74  6:17  Gateway  
  74  6:28  Observer, Gateway  
  74  6:32  Gateway  
  75  6:36  Gateway  
  75  6:40  Pylon  
  75  6:49  Immortal  
  75  6:50  Protoss Ground Weapons Level 2  
  77  7:11  Stargate  
  77  7:22  Probe x2  
  75  7:26  Nexus  
  75  7:27  Pylon  
  75  7:29  Immortal  
  79  7:35  High Templar x4  
  87  7:37  Probe x2, Pylon  
  87  7:39  Archon x2  
  89  7:49  Probe, Pylon  
  89  7:50  Phoenix, Probe  
  93  8:05  Warp Prism  
  93  8:08  Phoenix, Probe  
  93  8:12  Zealot x5  
  108  8:22  High Templar x2  
  108  8:26  Pylon, Archon  
  111  8:28  Phoenix  
  111  8:29  Zealot  
  111  8:33  Zealot x2  
  117  8:34  Observer  
  117  8:39  Phoenix  
  120  8:51  Zealot x2  
  120  8:52  Zealot  
  126  8:56  Phoenix  
  126  8:57  Zealot x3  
  130  9:07  Probe  
  130  9:08  Probe  
  130  9:09  Pylon  
  134  9:15  Probe  
  135  9:23  Phoenix  
  134  9:44  Nexus, Photon Cannon  
  134  9:45  Photon Cannon  
  134  9:46  Phoenix, Pylon  
  134  9:48  High Templar x2  
  134  9:49  Pylon  
  140  9:54  Archon  
  140  9:59  Zealot  
  142  10:00  Zealot x3  
  142  10:04  Zealot x3  
  142  10:05  Zealot x2  
  147  10:15  Zealot  
  147  10:21  High Templar x2  
  147  10:25  Archon  
  143  10:29  Zealot x5  
  121  10:38  Zealot  
  88  10:51  Zealot x5  
Tags
 
Add a new tag
Caveats
  • Supply blocks, unpowered buildings, or Contaminate may cause inaccurate times.
  • Supply counts are checked every 10 seconds.